 Dungeon Crawl Stone Soup version 0.22-a0-469-gf26638a (webtiles) character file.

7 Amnesiac the Charlatan (level 1, 0/9 HPs)
             Began as a Spriggan Artificer on June 13, 2018.
             Slain by a bat (1 damage)
             ... on level 1 of the Dungeon.
             The game lasted 00:01:29 (318 turns).

Amnesiac the Charlatan (Spriggan Artificer)          Turns: 318, Time: 00:01:30

Health: 0/9        AC: -1    Str:  8    XL:     1   Next: 83%
Magic:  4/4        EV: 18    Int: 12    God:
Gold:   27         SH:  0    Dex: 16    Spells: 0/0 levels left

rFire    . . .     SeeInvis +   a - +0 short sword
rCold    . . .     Gourm    .   (shield restricted)
rNeg     . . .     Faith    .   b - +0 robe
rPois    .         Spirit   .   (helmet restricted)
rElec    .         Reflect  .   (no cloak)
rCorr    .         Harm     .   (gloves unavailable)
MR       .....                  (boots unavailable)
Stlth    ++........             (no amulet)
HPRegen  0.03/turn              h - -3 ring of protection (curse)
MPRegen  0.09/turn              (no ring)

@: very quick
A: very small, unfitting armour, see invisible, herbivore, speed 3, slow
metabolism 2
a: no special abilities


You were on level 1 of the Dungeon.
You were not hungry.

You visited 1 branch of the dungeon, and saw 2 of its levels.

You collected 27 gold pieces.

Inventory:

Hand Weapons
 a - a +0 short sword (weapon)
Armour
 b - a +0 robe (worn)
Jewellery
 h - a cursed -3 ring of protection (left hand)
Wands
 c - a wand of flame (15)
 d - a wand of enslavement (15)
 e - a wand of random effects (15)
Potions
 g - a potion of haste {!q, unknown}
Comestibles
 f - 3 rations


   Skills:
 - Level 0.7 Fighting
 - Level 1.1 Short Blades
 - Level 3.0 Dodging
 - Level 1.5 Stealth
 + Level 4.7 Evocations


You couldn't memorise any spells.
You didn't know any spells.
Your spell library was empty.

Dungeon Overview and Level Annotations

Branches:
Dungeon (2/15)

Altars:


Innate Abilities, Weirdness & Mutations

You are very small and have problems with some larger weapons.
You are too small for most types of armour.
You have supernaturally acute eyesight. (SInv)
You are a herbivore.
You cover ground extremely quickly.
You need to consume almost no food.


Message History

You open the door.
There is an open door here.
There is a stone staircase leading down here.
You climb downwards.
An adder and a worm come into view.
The adder hisses angrily. x2
Found 2 gold pieces.
There is a stone staircase leading up here.
You open the door.
A worm comes into view.
Found 14 stones.
There is an open door here.
Found 17 bolts and a scroll labeled CYSASOU IDACI.
You close the door.
You open the door.
A kobold comes into view. It is wielding a dagger.
The worm barely misses you.
Found a scroll labeled RACSUU JU UGGE and a cabochon ring.
There is an open door here.
You close the door.
The helpless kobold fails to defend itself.
You puncture the kobold!
You kill the kobold!
You see here a cabochon ring.
h - a cabochon ring Put on which piece of jewellery? (? for menu, Esc to quit)
Oops, that ring feels deathly cold.
h - a cursed -3 ring of protection (left hand)
You aren't carrying any scrolls.
An adder and a goblin come into view.
The adder moves out of view.
A bat comes into view.
Found 12 gold pieces.
The goblin shouts!
The bat closely misses you. The bat misses you.
The adder hisses angrily.
There is a stone staircase leading up here.
The bat misses you. x2; The adder closely misses you.
You climb upwards.
There is a stone staircase leading down here.
The bat misses you. The bat misses you. The bat misses you.
The bat barely misses you. The bat closely misses you. The bat hits you.
* * * LOW HITPOINT WARNING * * *
The bat barely misses you. The bat misses you.
You barely miss the bat. The bat closely misses you.
You closely miss the bat. The bat hits you.
* * * LOW HITPOINT WARNING * * *
The bat misses you.
Evoke which item? (* to show all) (? for menu, Esc to quit)
Okay, then.
The bat misses you. The bat barely misses you. The bat hits you.
* * * LOW HITPOINT WARNING * * *
As you open the door, it creaks loudly!
A giant cockroach comes into view.
The bat hits you.
You die...

###### #... ### #...... #...#
.... ....... #...# s.... .......
#...##############...... .......
#...#....K..S..b@'...... .......
#...#.############...... .......
......# #....# ..... .......
......#####.##.##################
#................................
>...K###.#####.....##.###########
#....# #...†.......##.# #........
.....###..######...##.###.#######
#....'....######...##.#...# #


You could see an adder, a giant cockroach, a bat and a kobold.

Vanquished Creatures
  A giant cockroach (D:1)
  A hobgoblin (D:1)
  A frilled lizard (D:1)
  2 kobolds
  2 rats (D:1)
7 creatures vanquished.

Notes
Turn   | Place    | Note
-------+----------+-------------------------------------------
     0 | D:1      | Amnesiac the Spriggan Artificer began the quest for the Orb.
     0 | D:1      | Reached XP level 1. HP: 9/9 MP: 4/4
   318 | D:1      | Slain by a bat

Vault maps used:
D:1:      zelgadis_glass_arrival_small, st_stairs_9
D:2:      grunt_temple_overflow_order_and_chaos_2, grunt_gozag_statues,
          marbit_many_paths

Action                   || total
-------------------------++-------
Melee: Short sword       ||    30
 Stab: Sleeping          ||     2
Dodge: Dodged            ||    38

Table legend:
 A = Spawn XP
 B = Non-spawn XP
 C = Spawn XP percentage of total XP
 D = Spawn monster count
 E = Non-spawn monster count
 F = Spawn count percentage of total count
 G = Total turns spent on level
                    A         B        C        D         E        F      G
               +---------+---------+-------+---------+---------+-------+---------
         Total |       0 |      10 |   0.0 |       0 |       7 |   0.0 |   318
               +---------+---------+-------+---------+---------+-------+---------
           D:1 |       0 |       8 |   0.0 |       0 |       6 |   0.0 |   265
           D:2 |       0 |       2 |   0.0 |       0 |       1 |   0.0 |    53
               +---------+---------+-------+---------+---------+-------+---------
